 Dungeon Crawl Stone Soup version 0.21-a0-279-g6037ffb (webtiles) character file.

215 pkoi the Ruffian (level 5, -1/40 HPs)
             Began as a Draconian Fighter on Sept 23, 2017.
             Was an Initiate of Hepliaklqana.
             Slain by Pikel
             ... wielding a +1 whip of electrocution
              (14 damage)
             ... on level 4 of the Dungeon.
             The game lasted 00:03:51 (2866 turns).

pkoi the Ruffian (Draconian Fighter)                Turns: 2866, Time: 00:03:53

Health: -1/40      AC:  6    Str: 18    XL:     5   Next: 60%
Magic:  5/5        EV: 10    Int: 10    God:    Hepliaklqana [......]
Gold:   179        SH:  8    Dex: 10    Spells: 4/4 levels left

rFire    . . .     SeeInvis .     - Unarmed
rCold    . . .     Gourm    .   a - +0 shield
rNeg     . . .     Faith    .   (armour unavailable)
rPois    .         Spirit   .   (helmet restricted)
rElec    .         Reflect  .   (no cloak)
rCorr    .         Harm     .   s - +0 pair of gloves (curse)
MR       .....                  (no boots)
Stlth    +.........             (no amulet)
HPRegen  0.13/turn              (no ring)
MPRegen  0.09/turn              (no ring)

@: no status effects
A: unfitting armour, reduced essence, cold-blooded, AC +5
a: Recall Ancestor, Ancestor Identity, Renounce Religion


You were on level 4 of the Dungeon.
You worshipped Hepliaklqana.
Hepliaklqana was noncommittal.
You were not hungry.

You visited 2 branches of the dungeon, and saw 5 of its levels.

You collected 179 gold pieces.

Inventory:

Armour
 a - a +0 shield (worn)
 s - a cursed +0 pair of gloves (worn)
Wands
 u - a wand of flame (27/48)
Scrolls
 d - a scroll of random uselessness {unknown}
 e - 2 scrolls of remove curse {unknown}
 h - 2 scrolls of recharging {unknown}
 j - a scroll of magic mapping {unknown}
 l - 5 scrolls of identify {unknown}
 o - 2 scrolls of fog {unknown}
 p - a scroll of amnesia {unknown}
 q - a scroll of fear {unknown}
Potions
 b - a potion of might
 i - a potion of haste {unknown}
 k - 2 potions of cancellation {unknown}
 m - 3 potions of curing {unknown}
 n - a potion of brilliance {unknown}
 r - a potion of agility {unknown}
Comestibles
 c - 2 bread rations
 f - a meat ration
 g - 6 chunks of flesh
 t - 2 royal jellies


   Skills:
 - Level 3.2 Fighting
 - Level 2.6 Dodging
 - Level 3.0 Shields
 + Level 6.0 Unarmed Combat


You had 4 spell levels left.
You didn't know any spells.

Dungeon Overview and Level Annotations

Branches:
Dungeon (4/15)             Temple (1/1) D:4

Altars:
Cheibriados
Fedhas
Gozag
Hepliaklqana
Kikubaaqudgha
Makhleb
Nemelex Xobeh
Okawaru
Qazlal
Ru
Sif Muna
Trog
Uskayaw
Vehumet
Wu Jian
Xom
Yredelemnul
Zin
The Shining One

Annotations:
D:4 Pikel


Innate Abilities, Weirdness & Mutations

Your plain brown scales are hard. (AC +5)
You cannot fit into any form of body armour.
You are cold-blooded and may be slowed by cold attacks.
Your life essence is reduced to manifest your ancestor. (-10% HP)


Message History

Psam barely misses Pikel.
You block Pikel's attack.
The slave barely misses Psam.
You closely miss Pikel.
Pikel is severely wounded.
Psam hits Pikel but does no damage.
Pikel hits you but does no damage.
The slave hits Psam.
You miss Pikel.
Your tail-slap misses Pikel.
Pikel is severely wounded.
Psam misses Pikel.
You block Pikel's attack.
The slave misses Psam.
You punch Pikel!
Your tail-slap misses Pikel.
Pikel is almost dead.
Psam barely misses Pikel.
You block Pikel's attack.
The slave barely misses Psam.
You miss Pikel. You tail-slap Pikel, but do no damage.
Pikel is almost dead.
Psam hits Pikel.
Pikel hits you with a whip of electrocution!
* * * LOW HITPOINT WARNING * * *
You are electrocuted!
You die...

#......###
#........#
###+##...#
#...'...+
#..##)..#
#......##
#..###p#
###.####R#
!...pppK@#
....######
.. .


You could see the friendly Psam the ancestor, Pikel and 4 slaves.

Vanquished Creatures
  Terence (D:3)
  A worker ant (D:4)
  A howler monkey skeleton (D:4)
  5 adders
  An ooze (D:1)
  A worm (D:2)
  3 dart slugs
  4 orcs
  10 bats
  3 giant cockroaches
  4 goblins
  3 hobgoblins
  6 jackals
  A quokka (D:2)
  A ball python (D:2)
  4 frilled lizards
  9 kobolds
  10 rats
68 creatures vanquished.

Vanquished Creatures (collateral kills)
  An orc wizard (D:4)
  A ball python skeleton (D:4)
2 creatures vanquished.

Vanquished Creatures (others)
  An ancestor (D:4)
1 creature vanquished.

Grand Total: 71 creatures vanquished

Notes
Turn   | Place    | Note
-------+----------+-------------------------------------------
     0 | D:1      | pkoi the Draconian Fighter began the quest for the Orb.
     0 | D:1      | Reached XP level 1. HP: 19/19 MP: 1/1
    81 | D:1      | Reached XP level 2. HP: 23/26 MP: 2/2
   103 | D:1      | Reached skill level 3 in Unarmed Combat
   684 | D:1      | Reached XP level 3. HP: 30/31 MP: 3/3
  1160 | D:2      | Reached skill level 4 in Unarmed Combat
  1433 | D:2      | Reached XP level 4. HP: 35/38 MP: 4/4
  1724 | D:3      | Found a glowing silver altar of Zin.
  1892 | D:3      | Noticed Terence
  1909 | D:3      | Killed Terence
  1909 | D:3      | Reached skill level 5 in Unarmed Combat
  2174 | D:3      | Found a stormy altar of Qazlal.
  2177 | D:3      | Found a sparkling altar of Nemelex Xobeh.
  2180 | D:3      | Found a hide-covered altar of Uskayaw.
  2344 | D:4      | Found a staircase to the Ecumenical Temple.
  2350 | D:4      | Reached XP level 5. HP: 44/45 MP: 5/5
  2382 | Temple   | Entered the Ecumenical Temple
  2482 | Temple   | Became a worshipper of Hepliaklqana the Forgotten
  2762 | D:4      | Found a blossoming altar of Fedhas.
  2826 | D:4      | Reached skill level 6 in Unarmed Combat
  2843 | D:4      | Noticed Pikel
  2845 | D:4      | Noticed a slave
  2846 | D:4      | Noticed a slave
  2847 | D:4      | Noticed a slave
  2847 | D:4      | Noticed a slave
  2866 | D:4      | Slain by Pikel

Vault maps used:
D:1:      dpeg_arrival_prison
D:3:      lemuel_doored_altar, grunt_temple_overflow_diamond, uniq_terence
D:4:      minmay_temple_entry_statues_fountains, corexii_checkpoint_a,
          fedhas_altar_1, uniq_pikel
Temple:   regret_index_temple_waves

Skill      XL: |  1  2  3  4  5 |
---------------+----------------+-----
Unarmed Combat | 3 4 5 6 |  6.0
Fighting       | |  3.2
Dodging        | |  2.6
Shields        | |  3.0

Action                   |  1- 3 |  4- 6 || total
-------------------------+-------+-------++-------
Melee: Unarmed           |   177 |   142 ||   319
       Tailslap          |    15 |    15 ||    30
Invok: Ancestor Identity |       |     2 ||     2
       Recall Ancestor   |       |     1 ||     1
 Stab: Sleeping          |     1 |       ||     1
       Distracted        |       |     1 ||     1
  Eat: Chunk             |     2 |     5 ||     7
Armor: Skin              |    43 |    43 ||    86
Dodge: Dodged            |    69 |    53 ||   122
Block: Shield            |    84 |    53 ||   137

Table legend:
 A = Spawn XP
 B = Non-spawn XP
 C = Spawn XP percentage of total XP
 D = Spawn monster count
 E = Non-spawn monster count
 F = Spawn count percentage of total count
 G = Total turns spent on level
                    A         B        C        D         E        F      G
               +---------+---------+-------+---------+---------+-------+---------
         Total |       0 |     308 |   0.0 |       0 |      70 |   0.0 |  2866
               +---------+---------+-------+---------+---------+-------+---------
           D:1 |       0 |      55 |   0.0 |       0 |      28 |   0.0 |   926
           D:2 |       0 |      67 |   0.0 |       0 |      19 |   0.0 |   790
           D:3 |       0 |      54 |   0.0 |       0 |      11 |   0.0 |   588
           D:4 |       0 |     132 |   0.0 |       0 |      12 |   0.0 |   435
               +---------+---------+-------+---------+---------+-------+---------
